 Dungeon Sprint DCSS version 0.31-a0-662-g684573625c (webtiles) character file.

Game seed: 7014272684475143841

21721 sircluck the Brawler (level 12, -20/240 HPs)
             Began as a Troll Berserker on Aug 31, 2023.
             Was a Priest of Trog.
             Demolished by an alligator snapping turtle (38 damage)
             ... in the Dungeon (Sprint III: "The Ten Rune Challenge") on Sept 1, 2023.
             The game lasted 00:10:34 (2141 turns).

sircluck the Brawler (Troll Berserker)              Turns: 2141, Time: 00:10:35

Health: -20/240    AC:  4    Str: 31    XL:     12   Next: 56%
Magic:  11/11      EV: 14    Int:  7    God:    Trog [***...]
Gold:   52         SH:  4    Dex:  8    Spells: 11/11 levels left

rFire   . .          .
                       - Unarmed
rCold   . . .        (no shield)
rNeg    . . .        a - +0 animal skin
rPois   .            b - +0 hat
rElec   .            (no cloak)
rCorr   .            (gloves unavailable)
SInv    .            (boots unavailable)
Will    ++...        (no amulet) Stlth
                     (no ring)
HPRegen 2.40/turn    (no ring)
MPRegen 0.12/turn

%: no teleportation
@: berserking, strong-willed, regenerating, very quick
A: large, unfitting armour, claws 3, regeneration 1, shaggy fur 1, tough skin 1,
large bone plates 1, clever 1, robust 1
a: Renounce Religion, Berserk, Trog's Hand


You were in the Dungeon.
You worshipped Trog.
Trog was most pleased with you.
You visited 1 branch You collected 52 gold pieces.

Inventory:

Armour
 a - a +0 animal skin (worn)
 b - a +0 hat (worn)
Scrolls
 h - 4 scrolls of identify
 j - a scroll of poison
Potions
 c - a potion of curing
 d - a potion of haste
 e - 2 potions of magic
 f - a potion of berserk rage
 g - 3 potions of might {unknown}
 i - a potion of mutation
 k - a potion of invisibility {unknown}
 l - 3 potions of enlightenment {unknown}
 m - a potion of lignification {unknown}
Miscellaneous
 n - a sack of spiders (inert)


   Skills:
 + Level 16.6 Fighting
 + Level 16.3 Dodging
 + Level 19.1 Unarmed Combat


You had 11 spell levels left.
You didn't know any spells.
Your spell library was empty.

Dungeon Overview and Level Annotations

Branches:
Dungeon (1/1)

Altars:
Cheibriados
Dithmenos
Elyvilon
Fedhas
Gozag
Hepliaklqana
Kikubaaqudgha
Makhleb
Nemelex Xobeh
Okawaru
Qazlal
Ru
Sif Muna
Trog
Uskayaw
Vehumet
Wu Jian
Xom
Yredelemnul
Zin
The Shining One
Jiyva
Lugonu

Shops:
D ![:

Annotations:
D exclusion: orange crystal statue


Innate Abilities, Weirdness & Mutations

You are too large for most types of armour.
You have claws for hands.
Your natural rate of healing is unusually fast.
You are covered in fur. (AC +1)
You have tough skin. (AC +1)
You are partially covered in large bone plates. (SH +4)
Your mind is acute. (Int +4, Str/Dex -1)
You are robust. (+10% HP)


Message History

Your skin crawls.
You feel strong-willed. The snapping turtle barely misses you.
The alligator snapping turtle bites you from afar!!
You reach into the sack... ...and things crawl out!
The fungus is caught in a web!
The snapping turtle evades a web.
The sack is emptied!
You block the alligator snapping turtle's attack.
The snapping turtle bites you from afar!
A red film seems to cover your vision as you go berserk!
You feel yourself moving faster!
You feel mighty!
The alligator snapping turtle bites you from afar!!
Your scorpion stings the alligator snapping turtle.
The alligator snapping turtle is poisoned.
Your scorpion poisons the alligator snapping turtle!
The snapping turtle bites you from afar.
The alligator snapping turtle bites you from afar!!!
The snapping turtle closely misses you.
You feel a strong urge to attack something.
The alligator snapping turtle bites you!
* * * LOW HITPOINT WARNING * * *
Your scorpion stings the alligator snapping turtle but does no damage.
The snapping turtle bites you!
* * * LOW HITPOINT WARNING * * *
You eviscerate the alligator snapping turtle!!!
The alligator snapping turtle is moderately wounded.
You block the snapping turtle's attack.
You scratch the alligator snapping turtle but do no damage.
You claw the alligator snapping turtle!
The alligator snapping turtle is heavily wounded.
The alligator snapping turtle bites you from afar!!
* * * LOW HITPOINT WARNING * * *
Your scorpion stings the alligator snapping turtle but does no damage.
You mangle the alligator snapping turtle!!
The alligator snapping turtle is severely wounded.
Your scorpion stings the snapping turtle.
The snapping turtle bites you!
* * * LOW HITPOINT WARNING * * *
The alligator snapping turtle bites you!!!
You die...

#############'♣
.#~...........♣
.'~~.÷.########♣♣
.#~~)÷..........♣
.#~~~~..........♣
############'############
▓............▓
▓≈≈.......P≈≈▓
▓≈≈≈s@s..P≈≈≈▓
▓≈≈≈tttt≈≈≈≈≈▓
▓≈≈≈≈~≈≈~≈≈≈≈▓
▓≈≈≈~≈≈≈≈~≈≈≈▓
▓≈≈~≈≈≈≈≈≈~≈≈▓
▓≈~≈≈≈≈≈≈≈≈~≈▓
▓~≈≈≈≈≈≈≈≈≈≈~▓
▓≈~≈≈≈≈≈≈≈≈~≈▓
▓≈≈~≈≈≈≈≈≈~≈≈▓


You could see 2 alligator snapping turtles, 2 snapping turtles and 2 friendly
scorpions.

Vanquished Creatures
  Gastronok (D)
  A kraken (D)
  Harold (D)
  2 azure jellies (D)
  2 dire elephants (D)
  A centaur warrior (D)
  Erica (D)
  A death yak (D)
  Joseph (D)
  A deep elf pyromancer (D)
  2 black mambas (D)
  2 elephants (D)
  2 cane toads (D)
  An unseen horror (D)
  A rime drake (D)
  A komodo dragon (D)
  8 blink frogs (D)
  2 snapping turtles (D)
  An orc high priest (D)
  A queen bee (D)
  A shadow (D)
  3 wandering mushrooms (D)
  A spatial vortex (D)
  A swamp drake (D)
  2 centaurs (D)
  An earth elemental (D)
  A scorpion (D)
  A necrophage (D)
  A water elemental (D)
  24 killer bees (D)
  A jelly (D)
  A wizard (D)
  Jessica (D)
  A necromancer (D)
  A kobold demonologist (D)
  3 humans (D)
  An endoplasm (D)
  A rat (D)
  4 tentacles (D)
83 creatures vanquished.

Vanquished Creatures (collateral kills)
  Rupert (D)
  2 azure jellies (D)
  3 death yaks (D)
  8 killer bees (D)
  3 orc priests (D)
17 creatures vanquished.

Vanquished Creatures (others)
  9 tentacles (D)
9 creatures vanquished.

Grand Total: 109 creatures vanquished

Notes
Turn   | Place    | Note
-------+----------+-------------------------------------------
     0 | D        | sircluck the Troll Berserker began the quest for the Orb.
     0 | D        | Reached XP level 1. HP: 22/22 MP: 0/0
    11 | D        | Noticed Jessica
    17 | D        | Killed Jessica
    17 | D        | Reached ** piety under Trog
    18 | D        | Reached skill level 4 in Unarmed Combat
    18 | D        | Reached XP level 2. HP: 16/32 MP: 1/1
    57 | D        | Reached XP level 3. HP: 29/39 MP: 2/2
    62 | D        | Noticed a scorpion
    70 | D        | Killed a scorpion
    71 | D        | Reached skill level 5 in Fighting
    71 | D        | Reached skill level 5 in Dodging
    71 | D        | Reached skill level 6 in Unarmed Combat
    71 | D        | Reached XP level 4. HP: 28/50 MP: 3/3
    88 | D        | Gained mutation: You possess an exceptional clarity of
                  | mind. [potion of mutation]
    88 | D        | Gained mutation: You have hidden genetic defects. [potion
                  | of mutation]
    88 | D        | Gained mutation: You occasionally lose the ability to read
                  | scrolls when taking damage. [potion of mutation]
    89 | D        | Lost mutation: You have hidden genetic defects. [potion of
                  | mutation]
    89 | D        | Lost mutation: You possess an exceptional clarity of mind.
                  | [potion of mutation]
    89 | D        | Lost mutation: You occasionally lose the ability to read
                  | scrolls when taking damage. [potion of mutation]
    89 | D        | Gained mutation: Your mind is acute. (Int +4, Str/Dex -1)
                  | [potion of mutation]
    89 | D        | Gained mutation: You are partially covered in large bone
                  | plates. (SH +4) [potion of mutation]
    89 | D        | Gained mutation: You are robust. (+10% HP) [potion of
                  | mutation]
   116 | D        | Noticed a water elemental
   119 | D        | Killed a water elemental
   119 | D        | Reached *** piety under Trog
   120 | D        | Reached XP level 5. HP: 64/64 MP: 4/4
   176 | D        | Found a basalt altar of Yredelemnul.
   176 | D        | Found a shadowy altar of Dithmenos.
   176 | D        | Found a sacrificial altar of Ru.
   178 | D        | Reached skill level 7 in Unarmed Combat
   203 | D        | Found a radiant altar of Vehumet.
   203 | D        | Found a shimmering blue altar of Sif Muna.
   203 | D        | Found an ancient bone altar of Kikubaaqudgha.
   205 | D        | Reached **** piety under Trog
   206 | D        | Reached XP level 6. HP: 74/74 MP: 5/5
   213 | D        | Reached skill level 8 in Unarmed Combat
   237 | D        | Found a hide-covered altar of Uskayaw.
   237 | D        | Found an iron altar of Okawaru.
   237 | D        | Found a bloodstained altar of Trog.
   237 | D        | Found an ornate altar of the Wu Jian Council.
   237 | D        | Noticed a human
   238 | D        | Noticed a human
   244 | D        | Killed a human
   248 | D        | Killed a human
   249 | D        | Reached skill level 9 in Unarmed Combat
   249 | D        | Reached XP level 7. HP: 74/88 MP: 6/6
   300 | D        | Found a glowing silver altar of Zin.
   300 | D        | Found a glowing golden altar of the Shining One.
   300 | D        | Found a white marble altar of Elyvilon.
   301 | D        | Noticed a deep elf pyromancer
   306 | D        | Killed a deep elf pyromancer
   306 | D        | Reached ***** piety under Trog
   307 | D        | Reached skill level 10 in Unarmed Combat
   307 | D        | Reached XP level 8. HP: 74/101 MP: 7/7
   371 | D        | Found a blossoming altar of Fedhas.
   371 | D        | Found a stormy altar of Qazlal.
   371 | D        | Found a snail-covered altar of Cheibriados.
   371 | D        | Found a burning altar of Makhleb.
   371 | D        | Found a shimmering altar of Xom.
   372 | D        | Found a hazy altar of Hepliaklqana.
   372 | D        | Found an opulent altar of Gozag.
   372 | D        | Found a sparkling altar of Nemelex Xobeh.
   372 | D        | Found a corrupted altar of Lugonu.
   372 | D        | Found a viscous altar of Jiyva.
   380 | D        | Reached skill level 11 in Unarmed Combat
   393 | D        | Noticed Erica
   406 | D        | Killed Erica
   406 | D        | Received a gift from Trog
   407 | D        | Reached skill level 10 in Fighting
   407 | D        | Reached skill level 10 in Dodging
   407 | D        | Reached skill level 12 in Unarmed Combat
   473 | D        | Noticed a centaur warrior
   480 | D        | Killed a centaur warrior
   481 | D        | Reached XP level 9. HP: 73/115 MP: 8/8
   542 | D        | Killed an unseen horror
   543 | D        | Reached skill level 13 in Unarmed Combat
   617 | D        | Noticed a queen bee
   622 | D        | Killed a queen bee
   629 | D        | Received a gift from Trog
   654 | D        | Reached ****** piety under Trog
   660 | D        | Received a gift from Trog
   661 | D        | Reached XP level 10. HP: 109/126 MP: 9/9
   684 | D        | Reached skill level 14 in Unarmed Combat
   704 | D        | Identified the +4 great mace of Instant Death {heavy, Dex+6
                  | SInv} (Trog gifted it to you in the Dungeon)
   704 | D        | Received a gift from Trog
   886 | D        | Noticed Harold
   886 | D        | Noticed Joseph
   897 | D        | Killed Harold
   897 | D        | Received a gift from Trog
   908 | D        | Killed Joseph
   909 | D        | Reached skill level 15 in Unarmed Combat
  1131 | D        | Noticed an orange crystal statue
  1271 | D        | HP: 5/130 [poison (dark miasma)]
  1382 | D        | Noticed a cane toad
  1382 | D        | Noticed a cane toad
  1386 | D        | Killed a cane toad
  1389 | D        | Killed a cane toad
  1389 | D        | Received a gift from Trog
  1439 | D        | Reached XP level 11. HP: 138/139 MP: 10/10
  1456 | D        | Reached skill level 16 in Unarmed Combat
  1493 | D        | Noticed a dire elephant
  1493 | D        | Noticed a dire elephant
  1493 | D        | Noticed Gastronok
  1497 | D        | Killed a dire elephant
  1497 | D        | Received a gift from Trog
  1511 | D        | Killed a dire elephant
  1518 | D        | Killed Gastronok
  1519 | D        | Reached skill level 17 in Unarmed Combat
  1563 | D        | Noticed an azure jelly
  1563 | D        | Noticed an azure jelly
  1563 | D        | Noticed an azure jelly
  1564 | D        | Noticed an azure jelly
  1583 | D        | Noticed Rupert
  1588 | D        | Killed Rupert
  1616 | D        | Noticed a death yak
  1616 | D        | Noticed a death yak
  1630 | D        | Noticed a death yak
  1631 | D        | Noticed a death yak
  1631 | D        | Killed a death yak
  1631 | D        | Received a gift from Trog
  1632 | D        | Reached skill level 15 in Fighting
  1634 | D        | Killed a death yak
  1635 | D        | Reached skill level 15 in Dodging
  1638 | D        | Killed a death yak
  1641 | D        | Killed a death yak
  1642 | D        | Reached XP level 12. HP: 157/157 MP: 11/11
  1665 | D        | Reached skill level 18 in Unarmed Combat
  1682 | D        | Identified the +0 executioner's axe of Symmetry {heavy,
                  | Dex+2 SInv} (Trog gifted it to you in the Dungeon)
  1682 | D        | Received a gift from Trog
  1792 | D        | Killed an azure jelly
  1794 | D        | Killed an azure jelly
  1798 | D        | Killed an azure jelly
  1803 | D        | Killed an azure jelly
  1898 | D        | Noticed a kraken
  1920 | D        | Reached skill level 19 in Unarmed Combat
  2006 | D        | Killed a kraken
  2125 | D        | Noticed an alligator snapping turtle
  2125 | D        | Noticed an alligator snapping turtle
  2125 | D        | Found Adan's Book Shop.
  2125 | D        | Found Ovvoi's Antique Armour Boutique.
  2125 | D        | Found Eleopaod's Distillery.
  2141 | D        | Demolished by an alligator snapping turtle

Illustrated notes

Levels and vault maps discovered:
D:        dungeon_sprint_mu [sprint_mu_entry_forest, sprint_mu_temple_rooms,
          sprint_mu_d1_horrors, sprint_mu_d2_genie, sprint_mu_d3_branching,
          sprint_mu_orc_legion, sprint_mu_elf_gauntlet, sprint_mu_hive_nellie,
          sprint_mu_lair_fedhas, sprint_mu_vaults_butterflies,
          sprint_mu_slime_circle, sprint_mu_shoals_kraken,
          sprint_mu_snake_twists, sprint_mu_blade_basic,
          sprint_mu_crypt_fortress, sprint_mu_tomb_spiral,
          sprint_mu_vestibule_basic, sprint_mu_gehenna_hellfire,
          sprint_mu_dis_giant, sprint_mu_tartarus_statrot,
          sprint_mu_cocytus_islands, sprint_mu_zot1]

Skill      XL: |  1  2  3  4  5  6  7  8  9 10 11 12 |
---------------+-------------------------------------+-----
Fighting       | 3 4 5 6 8 9 11 13 15 16 | 16.6
Dodging        | 3 4 5 6 7 8 10 11 13 15 16 | 16.3
Unarmed Combat | 4 6 7 9 10 12 13 15 17 19 | 19.1

Action                     |  1- 3 |  4- 6 |  7- 9 | 10-12 || total
---------------------------+-------+-------+-------+-------++-------
  Melee: Unarmed           |    19 |    25 |    87 |   180 ||   311
         Punch             |       |       |     7 |     8 ||    15
 Invoke: Berserk           |       |     2 |     1 |     7 ||    10
         Brothers in Arms  |       |       |     1 |     9 ||    10
         Trog's Hand       |       |       |       |     2 ||     2
  Evoke: Sack of spiders   |       |       |       |     2 ||     2
    Use: Potion            |       |     2 |       |     4 ||     6
         Scroll            |       |       |       |     2 ||     2
   Stab: Distracted        |       |       |       |     1 ||     1
 Armour: Animal skin       |     7 |    13 |    53 |   146 ||   219
  Dodge: Dodged            |     7 |     2 |    31 |    93 ||   133
  Block: Other             |       |     2 |    11 |    23 ||    36

Table legend: (Time is in decaauts)
 A = Elapsed time spent in this place.
 B = Non-inter-level travel time spent in this place.
 C = Inter-level travel time spent in this place.
 D = Time resting spent in this place.
 E = Time spent auto-exploring this place.
 F = Levels seen in this place.
 G = Mean time per level.
                   A        B        C        D        E       F      G
               +--------+--------+--------+--------+--------+-----+--------+
         Total |   2179 |   2179 |      0 |   1048 |    118 |   1 | 2179.0 |
       Dungeon |   2179 |   2179 |      0 |   1048 |    118 |   1 | 2179.0 |
               +--------+--------+--------+--------+--------+-----+--------+

Top non-repeatable levels by time:
       D: 2179 daAuts
